 Dungeon Crawl Stone Soup version 0.17-a0-1591-g7a45446 (webtiles) character file.

68 Chiseanne the Covered (level 4, 0/33 HPs)
             Began as a Demonspawn Wanderer on July 29, 2015.
             Slain by a gnoll
             ... wielding a +0 whip
              (6 damage)
             ... on level 1 of the Dungeon.
             The game lasted 00:04:12 (1482 turns).

Chiseanne the Covered (Demonspawn Wanderer)         Turns: 1482, Time: 00:04:12

Health: 0/33       AC:  9    Str: 13    XL:     4   Next: 1%
Magic:  0/4        EV:  9    Int: 13    God:
Gold:   57         SH:  4    Dex: 13    Spells: 0 memorised, 3 levels left

rFire  . . .     SeeInvis .     a - +2 dagger (venom)
rCold  . . .     Clarity  .     g - +2 scale mail
rNeg   . . .     SustAt   .     d - +0 buckler
rPois  .         Gourm    .     (helmet restricted)
rElec  .         Spirit   +     (no cloak)
rCorr  .         Warding  .     (no gloves)
rMut   .         Stasis   .     (no boots)
MR     .....                    (no amulet)
Stlth  ..........               (no ring)
                                (no ring)

@: not resistant to hostile enchantments, extremely unstealthy
A: horns 1, magic shield
a: no special abilities


You were on level 1 of the Dungeon.
You were hungry.

You visited 1 branch of the dungeon, and saw 2 of its levels.

You collected 57 gold pieces.

Inventory:

Hand weapons
 a - a +2 dagger of venom (weapon)
 b - a +0 shortbow
Missiles
 c - 65 arrows
 n - 2 throwing nets (quivered)
Armour
 d - a +0 buckler (worn)
 g - a +2 scale mail (worn)
Jewellery
 l - an uncursed ring of see invisible {unknown}
Scrolls
 h - 2 scrolls of identify {unknown}
 m - a scroll of teleportation {unknown}
Potions
 j - a potion of curing {unknown}
 k - a potion of resistance {unknown}
 o - a potion of invisibility {unknown}
 p - a potion of poison {unknown}
Comestibles
 e - 2 bread rations
 f - 2 meat rations
 i - a beef jerky


   Skills:
 + Level 2.0 Fighting
 - Level 1.0 Bows
 + Level 5.6 Armour
 + Level 1.3 Dodging
 * Level 2.6 Shields


You had 3 spell levels left.
You didn't know any spells.

Dungeon Overview and Level Annotations

Branches:
Dungeon (2/15)

Altars:
Trog


Innate Abilities, Weirdness & Mutations

You have a pair of small horns on your head.
When hurt, damage is shared between your health and your magic reserves.


Message History

The gnoll hits you with a halberd.
You hit the gnoll.
The gnoll is poisoned.
The gnoll is lightly wounded.
The gnoll hits you with a club. The gnoll hits you but does no damage.
The gnoll hits you with a halberd!
* * * LOW HITPOINT WARNING * * *
You hit the gnoll but do no damage.
The gnoll looks even sicker.
The gnoll is lightly wounded.
The gnoll hits you but does no damage. The gnoll closely misses you.
Drink which item? (? for menu, Esc to quit)
Okay, then.
You barely miss the gnoll.
The gnoll is severely wounded.
You kill the gnoll!
Your Fighting skill increases to level 2!
You have reached level 4!
You feel stronger.
Your demonic ancestry asserts itself...
A pair of horns grows on your head! The gnoll barely misses you.
The gnoll hits you with a whip!
You die...

###.#.#.##..#
#.).........#
######.###.####..#
...(...# #[# #..#
######## #.# #..#
.....# #.# #..#
####.### #.# #..#
##.....###.####gg#
##>###.#........@#
...# #.....#####)##
##.###.#..........#
#.....#########..#
###.### #..# #.#
#..# ####.#
#..####### .....#
#........# ######
########.#####.#


You could see 2 gnolls.

Vanquished Creatures
  2 adders (D:2)
  A gnoll (D:1)
  A worm (D:2)
  5 bats
  4 hobgoblins
  5 kobolds
  A giant cockroach (D:2)
  3 giant geckos
  5 giant newts
  7 goblins
  3 jackals (D:1)
  8 rats
45 creatures vanquished.

Notes
Turn   | Place    | Note
--------------------------------------------------------------
     0 | D:1      | Chiseanne the Demonspawn Wanderer began the quest for the Orb.
     0 | D:1      | Chiseanne set off with: a +2 scale mail, a +0 shortbow, 25 arrows, a +0 buckler, a bread ration
     0 | D:1      | Reached XP level 1. HP: 15/15 MP: 1/1
   264 | D:1      | Gained mutation: When hurt, damage is shared between your health and your magic reserves. [demonic ancestry]
   264 | D:1      | Reached XP level 2. HP: 21/21 MP: 2/2
   891 | D:2      | Reached skill level 1 in Dodging
   891 | D:2      | Reached XP level 3. HP: 23/26 MP: 3/3
  1228 | D:2      | Found a bloodstained altar of Trog.
  1482 | D:1      | Gained mutation: You have a pair of small horns on your head. [demonic ancestry]
  1482 | D:1      | Reached XP level 4. HP: 6/33 MP: 1/4
  1482 | D:1      | Slain by a gnoll

Vault maps used:
D:1:      dpeg_arrival_water_temple_mockup, serial_forest,
          infiniplex_forest_lined_ring, infiniplex_forest_clump_small,
          infiniplex_forest_clump_long, infiniplex_forest_lined_room_2
D:2:      serial_forest, infiniplex_forest_clump_double,
          infiniplex_forest_3_way, infiniplex_forest_straight_5,
          infiniplex_forest_diagonal, infiniplex_forest_lined_corner,
          infiniplex_forest_clump_long, corner_web_ring, bloody_trog

Action                   |  1- 3 |  4- 6 || total
-------------------------+-------+-------++-------
Melee: Dagger            |   120 |       ||   120
 Fire: Shortbow          |    13 |       ||    13
  Eat: Chunk             |     1 |       ||     1
